 Dungeon Crawl Stone Soup version 0.30-a0-219-gf2db51d15e (webtiles) character file.

Game seed: 4288146664862511556

124 910rd the Gusty (level 5, 0/30 HPs)
             Began as a Tengu Air Elementalist on Oct 6, 2022.
             Succumbed to an adder's poison
             ... on level 2 of the Dungeon.
             The game lasted 00:07:42 (1644 turns).

910rd the Gusty (Tengu Air Elementalist)            Turns: 1644, Time: 00:07:42

Health: 0/30       AC:  3    Str:  7 (9)  XL:     5   Next: 8%
Magic:  0/10       EV: 15    Int: 15 (17) God:
Gold:   89         SH:  0    Dex: 19 (20) Spells: 7/10 levels left

rFire   . . .      SeeInvis .    f - +1 whip
rCold   . . .      Faith    .    (no shield)
rNeg    . . .      Spirit   .    a - +0 robe
rPois   .          Reflect  .    (helmet restricted)
rElec   .          Harm     .    (no cloak)
rCorr   .          Rampage  .    l - +0 pair of gloves
Will    .....                    (boots unavailable)
Stlth   ++........               (no amulet)
HPRegen 0.25/turn                e - +6 ring of dexterity
MPRegen 0.12/turn                (no ring)

@: lethally poisoned (0 -> -1), flying quickly and evasively, quick
A: beak, talons 3, nimble flight
a: no special abilities


You were on level 2 of the Dungeon.
You visited 1 branch of the dungeon, and saw 2 of its levels.

You collected 89 gold pieces.

Inventory:

Hand Weapons
 f - a +1 whip (weapon)
Armour
 a - a +0 robe (worn)
 l - a +0 pair of gloves (worn)
Magical Staves
 n - a staff of cold
Jewellery
 e - a +6 ring of dexterity (left hand)
 o - a ring of ice
Scrolls
 d - a scroll of teleportation
 k - 2 scrolls of fear
 r - a scroll of enchant armour {unknown}
Potions
 b - 2 potions of magic
 g - a potion of haste
 h - a potion of brilliance
 p - a potion of might


   Skills:
 - Level 2.0 Fighting
 - Level 2.1 Dodging
 - Level 2.0 Stealth
 - Level 3.0 Spellcasting
 - Level 3.0 Conjurations
 + Level 5.2 Air Magic


You had 7 spell levels left.
You knew the following spells:

 Your Spells              Type           Power      Damage    Failure   Level
a - Shock                 Conj/Air       56%        1d6       3%          1
b - Static Discharge      Conj/Air       28%        2-4/arc   5%          2

Your spell library contained the following spells:

 Spells                   Type           Power      Damage    Failure   Level
 Swiftness                Air            17%        N/A       7%          3
 Airstrike                Air            8%         2d(2-18)  24%         4


Dungeon Overview and Level Annotations

Branches:
Dungeon (2/15) Zot: 10370

Altars:

Shops:
D:1 (


Innate Abilities, Weirdness & Mutations

You have a beak for a mouth.
You have claws for feet.
Your magical nature lets you fly swiftly and evasively.


Message History

You take 1 damage, and have 5/30 hp.
It was a potion of degeneration.
There was something very wrong with that liquid.
You feel weakened.
You feel dopey.
You feel clumsy.
* * * LOW HITPOINT WARNING * * *
You feel sick.
You take 1 damage, and have 4/30 hp.
It was a potion of cancellation.
Your magical effects are unravelling.
You feel magically purged.
You feel a little less mighty now.
You feel a little less clever now.
* * * LOW HITPOINT WARNING * * *
You feel sick.
You take 1 damage, and have 3/30 hp.
As you read the scroll labelled BIAVUDW BATE, it crumbles to dust.
You assume a fearsome visage.
Nothing appears to happen.
It was a scroll of fear.
* * * LOW HITPOINT WARNING * * *
You feel sick.
You take 1 damage, and have 2/30 hp.
Okay, then.
Okay, then.
Unknown command.
Unknown command.
As you read the scroll labelled NYRELOUCACH, it crumbles to dust.
It is a scroll of identify.
d - a scroll of teleportation
* * * LOW HITPOINT WARNING * * *
You feel sick.
Blink to where?
Press: ? - help, Dir - move target
As you read the scroll labelled EMPEMIL ANAMM, it crumbles to dust.
It was a scroll of blinking.
* * * LOW HITPOINT WARNING * * *
You feel sick.
You take 1 damage, and have 1/30 hp.
As you read the scroll labelled KOSTRU LOXI, it crumbles to dust.
It is a scroll of enchant weapon.
Your +0 whip glows red for a moment.
You die...

#..........#.#####.....
#.>........#...........
#..........#.##........
#..÷...................
###........[##..........
..........#..#..........
.........###.....##........
#...).....#..###.#......†.†
#.........@.# #...##...#..
#....$....### ##.#########
##.........#### #.##.......
.....)......... #.##.......
##....?.>.###.###.÷........
#.....§.....#...÷.##..÷....
#....).†..#.#####.###......
#.........#..# #........#.
...........##.#####.....###.


There were no monsters in sight!

Vanquished Creatures
  Natasha (twice) (D:2)
  3 adders (D:2)
  3 dart slugs
  7 ball pythons
  3 endoplasms (D:1)
  3 goblins
  6 hobgoblins
  2 quokkas
  5 bats
  2 frilled lizards (D:1)
  3 kobolds
  3 rats
42 creatures vanquished.

Notes
Turn   | Place    | Note
-------+----------+-------------------------------------------
     0 | D:1      | 910rd the Tengu Air Elementalist began the quest for the
                  | Orb.
     0 | D:1      | Reached XP level 1. HP: 10/10 MP: 4/4
   332 | D:1      | Reached XP level 2. HP: 15/15 MP: 6/6
   468 | D:1      | Reached skill level 5 in Air Magic
   549 | D:1      | Reached skill level 1 in Fighting
   623 | D:1      | Reached XP level 3. HP: 17/20 MP: 3/7
   975 | D:1      | Found Vecoc's Weapon Boutique.
  1018 | D:1      | Found a faded altar of an unknown god.
  1189 | D:2      | Learned a level 2 spell: Static Discharge
  1254 | D:2      | Noticed Natasha
  1267 | D:2      | Killed Natasha
  1268 | D:2      | Reached XP level 4. HP: 3/26 MP: 0/8
  1379 | D:2      | Noticed Natasha
  1436 | D:2      | Killed Natasha
  1631 | D:2      | Gained mutation: Your magical nature lets you fly swiftly
                  | and evasively. [Tengu growth]
  1631 | D:2      | Reached XP level 5. HP: 16/30 MP: 2/10
  1643 | D:2      | HP: 1/30 [poisoned by an adder]
  1644 | D:2      | Succumbed to an adder's poison

Illustrated notes

Levels and vault maps discovered:
D:1:      tarquinn_simple_flora_water_e, layout_basic, serial_shops,
          nicolae_shop_behind_doors, ebering_ecumenical_altar_webs,
          amethyst_killhole
D:2:      layout_rooms, basic_altar, uniq_natasha, uniq_terence

Skill      XL: |  1  2  3  4 |
---------------+-------------+-----
Air Magic      | 5 |  5.2
Fighting       | 1 2 |  2.0
Conjurations   | 3 |  3.0
Spellcasting   | 3 |  3.0
Dodging        | |  2.1
Stealth        | |  2.0

Action                   |  1- 3 |  4- 6 || total
-------------------------+-------+-------++-------
Melee: Unarmed           |     3 |       ||     3
       Kick              |    11 |     1 ||    12
       Whip              |    25 |     8 ||    33
       Peck              |     3 |     1 ||     4
 Cast: Shock             |    37 |    12 ||    49
       Static Discharge  |     2 |     8 ||    10
  Use: Potion            |       |     5 ||     5
       Scroll            |       |     4 ||     4
 Stab: Sleeping          |     1 |       ||     1
Armor: Robe              |     8 |     7 ||    15
Dodge: Dodged            |    27 |    21 ||    48

Table legend: (Time is in decaauts)
 A = Elapsed time spent in this place.
 B = Non-inter-level travel time spent in this place.
 C = Inter-level travel time spent in this place.
 D = Time resting spent in this place.
 E = Time spent auto-exploring this place.
 F = Levels seen in this place.
 G = Mean time per level.
                   A        B        C        D        E       F      G
               +--------+--------+--------+--------+--------+-----+--------+
         Total |   1629 |   1616 |     13 |    362 |    959 |   2 |  814.5 |
       Dungeon |   1629 |   1616 |     13 |    362 |    959 |   2 |  814.5 |
               +--------+--------+--------+--------+--------+-----+--------+

Top non-repeatable levels by time:
     D:1: 1237 daAuts
     D:2: 392 daAuts
